 Dungeon Crawl Stone Soup version 0.28-a0-793-g31680bbd8b (webtiles) character file.

Game seed: 69078227769137416

32 nicknak712 the Skirmisher (level 3, -1/43 HPs)
             Began as a Demonspawn Berserker on Nov 4, 2021.
             Was a Follower of Trog.
             Slain by a goblin (5 damage)
             ... led by Robin
             ... on level 2 of the Dungeon.
             The game lasted 00:05:21 (1135 turns).

nicknak712 the Skirmisher (Demonspawn Berserker)    Turns: 1135, Time: 00:05:22

Health: -1/43      AC:  5    Str: 18    XL:     3   Next: 10%
Magic:  3/3        EV: 12    Int:  8    God:    Trog [*.....]
Gold:   52         SH:  0    Dex: 12    Spells: 2/2 levels left

rFire   . . .      SeeInvis .   a - +0 falchion
rCold   . . .      Faith    .   (no shield)
rNeg    . . .      Spirit   .   c - +0 leather armour
rPois   .          Reflect  .   (no helmet)
rElec   .          Harm     .   (no cloak)
rCorr   .          Rampage  .   (no gloves)
Will    .....                   (no boots)
Stlth   ..........              (no amulet)
HPRegen 0.14/turn               (no ring)
MPRegen 0.08/turn               (no ring)

@: brilliant, berserking, very quick
A: hooves 1, slimy green scales 1
a: Renounce Religion, Berserk


You were on level 2 of the Dungeon.
You worshipped Trog.
Trog was aware of your devotion.
You visited 1 branch of the dungeon, and saw 2 of its levels.

You collected 52 gold pieces.

Inventory:

Hand Weapons
 a - a +0 falchion (weapon)
Armour
 b - a +0 animal skin
 c - a +0 leather armour (worn)
Jewellery
 g - an amulet of reflection
Scrolls
 d - a scroll of blinking {unknown}
 e - 2 scrolls of teleportation {unknown}


   Skills:
 + Level 3.2 Fighting
 * Level 3.2 Long Blades
 + Level 2.1 Armour
 + Level 2.1 Dodging


You had 2 spell levels left.
You didn't know any spells.
Your spell library was empty.

Dungeon Overview and Level Annotations

Branches:
Dungeon (2/15)

Altars:

Annotations:
D:2 Robin


Innate Abilities, Weirdness & Mutations

You have large cloven feet.
You are partially covered in slimy green scales. (AC +2)


Message History

Things that are here:
a +0 club; a +0 dagger; a hobgoblin corpse It was a potion of brilliance.
You feel clever all of a sudden. The bat hits you but does no damage.
The goblin misses you. Robin misses you. The goblin misses you.
The goblin barely misses you.
You closely miss Robin. Your kick misses Robin. The bat misses you.
The goblin hits you but does no damage. Robin throws the goblin at you!
The goblin closely misses you. The goblin hits you with a +0 dagger.
The goblin hits you but does no damage.
You slash Robin!
Robin is heavily wounded.
The goblin misses you. The goblin hits you with a +0 dagger.
The goblin hits you with a +2 vampiric dagger.
You hit Robin. Your kick misses Robin.
Robin is heavily wounded.
The goblin hits you with a +0 club.
* * * LOW HITPOINT WARNING * * *
Robin roars a battlecry!
The goblin goes into a battle-frenzy!
The hobgoblin barely misses you. The goblin hits you with a +0 dagger.
* * * LOW HITPOINT WARNING * * *
The goblin hits you but does no damage.
A red film seems to cover your vision as you go berserk!
You feel yourself moving faster!
You feel mighty!
The goblin no longer looks unusually strong.
Robin closely misses you. The goblin barely misses you.
The hobgoblin hits you but does no damage.
The goblin hits you with a +0 dagger.
* * * LOW HITPOINT WARNING * * *
The goblin hits you with a +2 vampiric dagger.
* * * LOW HITPOINT WARNING * * *
You barely miss Robin.
Robin is heavily wounded.
Robin says, "Bow before me, strongest of all the hobgoblins!"
The goblin hits you with a +0 club.
* * * LOW HITPOINT WARNING * * *
The hobgoblin hits you but does no damage.
The goblin hits you with a +0 dagger.
You die...

#.................'...'.
#............####.#...#.
#............####.#...#.
#.......................
#...........#...#.#...#.
#............#.#...#.#.)
#......b..#...#.....#...
#.....ggg.g#..#.....#..#
#######@#...###.....#
#gg#g.#..#...#..#
#)..###...#.#...##
#..#...#...#...#..
#.#.....#).#..#...
#.†......#####....
#.#.....#..#..#...
#..#...#...#...#).
#...###...#g#...##


You could see Robin, a hobgoblin (strong), 4 goblins and a bat.

Vanquished Creatures
  3 bats (D:1)
  4 endoplasms
  A giant cockroach (D:1)
  4 goblins (D:2)
  6 hobgoblins
  3 kobolds
  2 quokkas (D:2)
  2 frilled lizards (D:1)
  A rat (D:2)
26 creatures vanquished.

Notes
Turn   | Place    | Note
-------+----------+-------------------------------------------
     0 | D:1      | nicknak712 the Demonspawn Berserker began the quest for the
                  | Orb.
     0 | D:1      | Reached XP level 1. HP: 18/18 MP: 1/1
   597 | D:1      | Gained mutation: You are partially covered in slimy green
                  | scales. (AC +2) [demonic ancestry]
   597 | D:1      | Reached XP level 2. HP: 24/24 MP: 2/2
  1098 | D:2      | Noticed Robin
  1120 | D:2      | Gained mutation: You have large cloven feet. [demonic
                  | ancestry]
  1120 | D:2      | Reached XP level 3. HP: 22/29 MP: 3/3
  1135 | D:2      | Slain by a goblin

Illustrated notes

Levels and vault maps discovered:
D:1:      minmay_arrival_stone_box, layout_rooms
D:2:      layout_basic, basic_ecumenical_altar, minmay_splitting_lines,
          uniq_robin

Skill      XL: |  1  2 |
---------------+-------+-----
Long Blades    | 3 |  3.2
Armour         | 2 |  2.1
Dodging        | 2 |  2.1
Fighting       | |  3.2

Action                   || total
-------------------------++-------
Melee: Falchion          ||    82
Invok: Berserk           ||     1
  Use: Potion            ||     1
Armor: Leather armour    ||    51
Dodge: Dodged            ||    82

Table legend: (Time is in decaauts)
 A = Elapsed time spent in this place.
 B = Non-inter-level travel time spent in this place.
 C = Inter-level travel time spent in this place.
 D = Time resting spent in this place.
 E = Time spent auto-exploring this place.
 F = Levels seen in this place.
 G = Mean time per level.
                   A        B        C        D        E       F      G
               +--------+--------+--------+--------+--------+-----+--------+
         Total |   1147 |   1135 |     12 |    435 |    486 |   2 |  573.5 |
       Dungeon |   1147 |   1135 |     12 |    435 |    486 |   2 |  573.5 |
               +--------+--------+--------+--------+--------+-----+--------+

Top non-repeatable levels by time:
     D:1: 816 daAuts
     D:2: 330 daAuts
